Workbook
Name _Print_Area: '15CatchmentA'!$A$1:$K$3
Name _Toc283162339: '16Finances'!$A$1
Name _Toc283162340: '16Finances'!#REF!
Name _Toc283162341: '16Finances'!#REF!

Sheet Cover
A1: Health Results Based Financing Impact Evaluation | O1: IDENTIFIER
A2: ZAMBIA | O2: SURVEY AREA NUMBER | R2: QUESTIONNAIRE NUMBER
A3: 2014 | R3: 1
A5: HEALTH FACILITY QUESTIONNAIRE
A6: F1: HEALTH FACILITY ASSESSMENT QUESTIONNAIRE
A8: GEOGRAPHICAL LOCATION
B10: Province: | G10: DIstrict:
B12: HEALTH FACILITY NAME: | N12: HEALTH FACILITY CODE:
B14: GPS COORDINATES OF HEALTH FACILITY
C16: LATITUDE (NORTH): | J16: .
C18: LONGITUDE (EAST): | J18: .
C21: LOCATION | G21: URBAN | I21: 1
G22: RURAL | I22: 2
G23: PERI-URBAN | I23: 3
A25: HEALTH FACILITY VISITS
A27: INTERVIEWER'S NAME: | N27: CODE:
A29: VISIT # 1: | C29: DAY | E29: MONTH | G29: YEAR | N29: RESULT OF THE INTERVIEW:
N30: INTERVIEW DONE | U30: 1
N31: PARTIALLY COMPLETED | U31: 2
A32: VISIT # 2: | C32: DAY | E32: MONTH | G32: YEAR | N32: PERSON IN CHARGE REFUSED INTERVIEW | U32: 3
N33: PERSON IN CHARGE IS OUT (STAFF THAT IS PRESENT IS NOT AUTHORIZED) | U33: 4
N34: FACILITY IS EMPTY (NO STAFF MEMBERS) | U34: 5
A35: VISIT # 3: | C35: DAY | E35: MONTH | G35: YEAR | N35: HEALTH FACILITY NOT FOUND | U35: 6
N36: OTHER, SPECIFY: _______________________ | U36: 96
A38: LANGUAGE USED
A40: …BY THE INTERVIEWER? | N40: TRANSLATOR USED?
N42: NEVER | R42: 1
A43: … BY THE RESPONDENT? | G43: ENGLISH | L43: 1 | N43: SOMETIMES | R43: 2
G44: OTHER (SPECIFY:__________) | L44: 96 | N44: ALWAYS | R44: 3
A46: INFORMED CONSENT, TO BE DONE BEFORE THE START OF THE INTERVIEW
A47: INTERVIEWER, READ: Hello, my name is ____ and I work with the University of Zambia. The Ministry of Health has asked us to conduct a survey of health facilities in [Country]. Today we are interviewing health facility staff, health facility heads, and patients. We are trying to find out the general level of service delivery and quality in the health facilities of Zambia. If you agree to participate, your confidentiality will be respected. You have the right to refuse to participate at the beginning of the interview or at any time during the interview. However, the information you can give us is important for the Ministry to improve health services in Zambia. Are you willing to participate in an interview today?
F53: YES | H53: 1
F54: NO | H54: 2
A56: VERIFICATION OF QUESTIONNAIRE BY SUPERVISOR
K58: DAY | M58: MONTH | O58: YEAR
A59: NAME: | G59: CODE:
A61: DATA ENTRY OPERATOR
K63: DAY | M63: MONTH | O63: YEAR
A64: NAME: | G64: CODE:
A66: THIS PAGE WAS INTENTIONALLY LEFT BLANK

Sheet 1General
A1: =-1 -> -1 | B1: General Information
A2: (A) | B2: General | H2: RECORD RESPONSE
A3: RESPONDENT: HEAD OF THE HEALTH FACILITY OR HIS/HER DEPUTY IF ABSENT OR UNAVAILABLE.
A4: =A1-0.01 -> -1.01 | B4: Are you in charge of this facility today? | C4: YES | E4: 1
C5: NO | E5: 2
A6: =A4-0.01 -> -1.02 | B6: Are you authorized to represent this facility? | C6: YES | E6: 1
C7: NO | E7: 2
A8: =A6-0.01 -> -1.03 | B8: What is your job title at this facility? | C8: Doctor or medical officer | E8: 1
C9: Clinical officer | E9: 2
C10: Hospital administrator/ Executive director | E10: 3
C11: Nurse (REN/ZEN) | E11: 4
C12: Midwife (REM/ZEM) | E12: 5
C13: Pharmacist | E13: 6
C14: Environmental health technologist | E14: 7
C15: Nursing assistant | E15: 8
C16: Pharmacy technician/Dispenser | E16: 9
C17: Lab technologist | E17: 10
C18: Lab technician | E18: 11
C19: Classified Daily Employee (CDE) | E19: 12
C20: Other, specify: _________________________ | E20: 96
A21: =A8-0.01 -> -1.04 | B21: Is this facility a district hospital, a health center or a health post? | C21: District hospital | E21: 1
C22: Health center | E22: 2
C23: Health post | E23: 3
C24: Other, specify | E24: 96
A25: =A21-0.01 -> -1.05 | B25: Who owns this health facility? | C25: Government | E25: 1
C26: Private for-profit entity | E26: 2
C27: Non Governmental Organization | E27: 3
C28: Mission/Faith-based organization | E28: 4
C29: Military | E29: 5
C30: Other, specify | E30: 96
A31: =A25-0.01 -> -1.06 | B31: In what year was the facility commissioned? INTERVIEWER: RECORD YEAR IN YYYY FORMAT (E.G. 1941).
A32: =A31-0.01 -> -1.07 | B32: When was the last major investment in the infrastructure? INTERVIEWER: RECORD MONTH AND YEAR. INCLUDE MAJOR PAINTING, PLUMBING, EXTENSIONS TO THE BUILDING, ETC. | C32: a. | D32: MONTH MM
C33: b. | D33: YEAR YYYY
D34: IF INVESTMENT WAS OVER MORE THAN ONE YEAR, ONLY RECORD THE MOST RECENT YEAR OF INVESTMENT
A35: =A32-0.01 -> -1.08 | B35: Does this facility provide care round-the-clock (i.e. 24 hours)? | C35: YES, FORMALLY/ OFFICIALLY | E35: 1 | F35: ► | G35: =A46 -> -1.11
C36: YES, INFORMALLY/ IN PRACTICE | E36: 2 | F36: ► | G36: =A46 -> -1.11
C37: NO | E37: 3
A38: =A35-0.01 -> -1.09 | B38: At what time of the day does outpatient care start? | C38: a. | D38: Weekdays
B39: INTERVIEWER: RECORD IN MILITARY TIME THROUGHOUT. E.G. IF IT STARTS AT 7AM, RECORD 0700. IF IT STARTS AT 7PM, RECORD 1900. | C39: b. | D39: Saturday
C40: c. | D40: Sunday
C41: d. | D41: Holidays
A42: =A38-0.01 -> -1.1 | B42: At what time does outpatient care end? | C42: a. | D42: Weekdays
B43: INTERVIEWER: RECORD IN MILITARY TIME THROUGHOUT. E.G. IF IT ENDS AT 7AM, RECORD 0700. IF IT ENDS AT 7PM, RECORD 1900. | C43: b. | D43: Saturday
C44: c. | D44: Sunday
C45: d. | D45: Holidays
A46: =A42-0.01 -> -1.11 | B46: On what days does the facility offer antenatal care clinics, and for how many hours on those days? | C46: a. | D46: Monday
C47: b. | D47: Tuesday
C48: c. | D48: Wednesday
B49: INTERVIEWER: FOR EACH DAY, RECORD THE NUMBER OF HOURS THE SERVICE IF OFFERED. IF SERVICE IS NOT OFFERED THAT DAY, RECORD "00". | C49: d. | D49: Thursday
C50: e. | D50: Friday
C51: f. | D51: Saturday
C52: g. | D52: Sunday
C53: h. | D53: Other, specify:
A54: =A46-0.01 -> -1.12 | B54: On what days does the facility offer under 5 clinics, and for how many hours on those days? | C54: a. | D54: Monday
C55: b. | D55: Tuesday
C56: c. | D56: Wednesday
B57: INTERVIEWER: FOR EACH DAY, RECORD THE NUMBER OF HOURS THE SERVICE IF OFFERED. IF SERVICE IS NOT OFFERED THAT DAY, RECORD "00". | C57: d. | D57: Thursday
C58: e. | D58: Friday
C59: f. | D59: Saturday
C60: g. | D60: Sunday
C61: h. | D61: Other, specify
A62: =A54-0.01 -> -1.13 | B62: What is the distance from the health facility to the nearest higher level health facility one way in kilometers? | C62: KILOMETERS
A63: 1.13A | B63: What is the name of that health facility?
A64: =A62-0.01 -> -1.14 | B64: What are the three main sources of funding or income (in the sense of incoming cash) for this facility? | C64: a. | D64: MINISTRY OF HEALTH / DISTRICT HEALTH MANAGEMENT TEAM
C65: b. | D65: USER FEES
C66: c. | D66: DRUG SALES
B67: INTERVIEWER: DO NOT READ OPTIONS ALOUD. FOR EACH OF THE 3 SOURCES OF FUNDING CITED BY THE RESPONDENT (AND 3 ONLY), RECORD "1" IN THE CORRESPONDING LINE. FOR ALL SOURCES OF FUNDING NOT CITED BY THE RESPONDENT AS PART OF THE 3 MAIN SOURCES OF FUNDING, RECORD "2". NO CELL SHOULD BE LEFT BLANK. RBF FUNDING SHOULD COME UNDER DONOR. | C67: d. | D67: FAITH BASED ORGANIZATIONS
C68: e. | D68: PRIVATE COMPANY
C69: f. | D69: DONOR
C70: g. | D70: INSURANCE PAYMENTS
C71: h. | D71: OTHER, SPECIFY:_______________________
A72: =A64-0.01 -> -1.15 | B72: Can you please tell me the amount received from each of the following sources in [LAST CALENDAR YEAR] in currency? | C72: a. | D72: MINISTRY OF HEALTH / DISTRICT HEALTH MANAGEMENT TEAM
C73: b. | D73: USER FEES
C74: c. | D74: DRUG SALES
C75: d. | D75: FAITH BASED ORGANIZATIONS
B76: INTERVIEWER: FOR EACH SOURCE, NOT ONLY THE 3 MAIN ONES, RECORD AMOUNT RECEIVED IN CURRENCY. IF ZERO, RECORD "0000". | C76: e. | D76: PRIVATE COMPANY
C77: f. | D77: DONOR
C78: g. | D78: INSURANCE PAYMENTS
C79: h. | D79: OTHER, SPECIFY:_______________________
A80: =A72-0.01 -> -1.16 | B80: TOTAL AMOUNT RECEIVED IN KWACHA (INTERVIEWER: CONFIRM)
A81: =A80-0.01 -> -1.17 | B81: INTERVIEWER: SOURCE OF INFORMATION CONSULTED TO OBTAIN BUDGET FIGURES | C81: OFFICIAL ACCOUNTS | E81: 1
C82: FACILITY RECORDS | E82: 2
C83: NO SOURCE: ORAL REPORT | E83: 3
C84: OTHER, SPECIFY: ________ | E84: 96
A85: =A81-0.01 -> -1.18 | B85: Can you please tell me whether the facility paid out any performance bonuses or salary top ups to staff in [LAST CALENDAR YEAR], in addition to salary/regular allowances? | C85: YES | E85: 1
C86: NO | E86: 2 | F86: ► | G86: =A88 -> -1.2
A87: =A85-0.01 -> -1.19 | B87: How much did the facility pay for performance bonuses or salary top ups to staff in [LAST CALENDAR YEAR] in KWACHA? | C87: KWACHA
A88: =A87-0.01 -> -1.2 | B88: INTERVIEWER: SOURCE OF INFORMATION CONSULTED TO OBTAIN EXPENSE FIGURES | C88: LEDGER SYSTEM | E88: 1
C89: OTHER FACILITY RECORD | E89: 2
C90: NO SOURCE: ORAL REPORT | E90: 3
C91: OTHER, SPECIFY: ________ | E91: 96
A92: =A88-0.01 -> -1.21 | B92: What is the primary source of electricity? | C92: Electrical mains/grid | E92: 1
C93: Generator | E93: 2
C94: Solar | E94: 3
C95: No source of electricity | E95: 4 | F95: ► | G95: =A100 -> -1.24
C96: Other (Specify: _______________ ___________________________) | E96: 96
A97: =A92-0.01 -> -1.22 | B97: Were there any electric power outages in the last 7 days? [REGARDLESS OF THE SOURCE OF ELECTRICITY] | C97: YES | E97: 1
C98: NO | E98: 2 | F98: ► | G98: =A100 -> -1.24
A99: =A97-0.01 -> -1.23 | B99: How many hours was electric power missing in the last 7 days? | C99: MAXIMUM 168 HOURS
A100: =A99-0.01 -> -1.24 | B100: What is the primary source of water? | C100: Piped into Facility | E100: 1
...

Sheet 2Admin
A1: =-2 -> -2 | B1: Administration and Management | H1: RECORD RESPONSE
A2: RESPONDENT: HEAD OF THE HEALTH FACILITY OR HIS/HER DEPUTY IF ABSENT OR UNAVAILABLE.
A3: =A1-0.01 -> -2.01 | B3: Is there a Hospital/Health Center Committee for this health facility? | C3: YES | E3: 1
C4: NO | E4: 2 | F4: ► | G4: =A38 -> -2.07
A5: =A3-0.01 -> -2.02 | B5: How many members are on this Committee?
A6: =A5-0.01 -> -2.03 | B6: Is there a representation of any of the following on this Committee? | C6: a. | D6: Health facility director/head
C7: b. | D7: Health facility staff
B8: INTERVIEWER: READ ALL OPTIONS ALOUD. FOR EACH OPTION, RECORD "1" IF YES, "2" IF NO. | C8: c. | D8: Neighborhood health committees
C9: d. | D9: Community Health Workers
C10: e. | D10: Ministry of Health / District Health Management Team
C11: f. | D11: Non Governmental Organization staff
C12: g. | D12: Other, specify: ___________________________
A13: =A6-0.01 -> -2.04 | B13: In the last 12 months, how many Hospital/Health Center Committee meetings were held?
A14: =A13-0.01 -> -2.05 | B14: Does the facility have written records of the Hospital/Health Center Committee meetings (minutes, decisions, etc.)? | C14: YES, SEEN | G14: 1
C15: YES, NOT SEEN | G15: 2
C16: NO | G16: 3
A17: =A14-0.01 -> -2.06 | B17: What initiatives were taken by the Hospital/Health Center Committee and implemented in the last 12 months? | C17: a. | D17: ADMINISTRATIVE SUPPORT TO FACILITY, E.G. APPROVING PAYMENTS
C18: b. | D18: PROVIDED NEW SUPPLIES OR EQUIPMENT
C19: c. | D19: PROVIDED NEW INFRASTRUCTURE
C20: d. | D20: PROVIDED REPAIRS TO FACILITY
B21: DO NOT READ OPTIONS ALOUD. FOR EACH OPTION, RECORD "1" IF MENTIONED, "2" IF NOT MENTIONED. | C21: e. | D21: PROVIDED DRUGS
C22: f. | D22: SENSITIZATION / MOBILIZED COMMUNITY TO USE THE HEALTH FACILITY
C23: g. | D23: PROVIDED TRANSPORT TO STAFF FOR HOME VISITS
C24: h. | D24: GAVE IN-KIND CONTRIBUTIONS
C25: i. | D25: IMPROVED SECURITY AT THE FACILITY
C26: j. | D26: IMPROVED WATER QUALITY
C27: k. | D27: IMPROVED WATER SUPPLY (QUANTITY)
C28: l. | D28: SUPPORTED TRAINING FOR COMMUNITY HEALTH WORKERS
C29: m. | D29: SUPPORTED OUTREACH TEAMS
C30: n. | D30: VERIFIED HEALTH FACILITY MATERNAL AND CHILD HEALTH-RELATED RESULTS
C31: o. | D31: ENVIRONMENTAL SANITATION (E.G. DESTRUCTION OF MOSQUITO BREEDING SITES)
C32: p. | D32: INDOOR RESIDUAL SPRAY
C33: q. | D33: SCREENING OF DISEASES
... C37: u. | D37: OTHER, SPECIFY: ______________________
A38: =A17-0.01 -> -2.07 | B38: Has a facility budget been developed for the current financial year? | C38: YES, SEEN | E38: 1
C39: YES, NOT SEEN | E39: 2
B40: ASK TO SEE THE BUDGET. | C40: NO | E40: 3
A41: =A38-0.01 -> -2.08 | B41: Has a facility workplan been developed for the current financial year? | C41: YES, SEEN | E41: 1
C42: YES, NOT SEEN | E42: 2
B43: ASK TO SEE THE WORKPLAN. | C43: NO | E43: 3 | F43: ► | G43: =A71 -> -2.12
A44: =A41-0.01 -> -2.09 | B44: Who was involved in setting this workplan? | C44: a. | D44: Health facility director
C45: b. | D45: Health facility staff
C46: c. | D46: Non governmental Organization staff
B47: READ ALL OPTIONS ALOUD. FOR EACH OPTION, RECORD "1" IF YES, "2" IF NO. | C47: d. | D47: Ministry of Health / District Health Management Team
C48: e. | D48: Neighborhood health committees
C49: f. | D49: Hospital/Health center committee
C50: g. | D50: Hospital management
C51: h. | D51: Community Health Worker Cooperative president / leader
C52: i | D52: Community Health Workers
C53: j. | D53: Community members
C54: k. | D54: Health Center Committee
C55: l. | D55: Other, specify: _____________________
A56: =A44-0.01 -> -2.1 | B56: Are priority health-related activities identified in this workplan for the current financial year? | C56: YES | E56: 1
C57: NO | E57: 2 | F57: ► | G57: =A71 -> -2.12
A58: =A56-0.01 -> -2.11 | B58: Now I will read you a list of services. For each service, please tell me whether this service is a priority or not a priority for this financial year. | C58: a. | D58: Antenatal care
C59: b. | D59: Institutional delivery
C60: c. | D60: Postnatal care
C61: d. | D61: Immunization
B62: READ ALL OPTIONS ALOUD. FOR EACH OPTION, RECORD "1" IF YES/priority, "2" IF NO/NOT A PRIORITY. | C62: e. | D62: Curative consultations
C63: f. | D63: Family planning/Reproductive health
C64: g. | D64: Nutrition
C65: h. | D65: Integrated management of childhood illness
C66: i. | D66: Malaria
C67: j. | D67: Tuberculosis
C68: k. | D68: HIV/AIDS
C69: l. | D69: Health promotion and monitoring
C70: m. | D70: Other, specify: ______________________
A71: =A58-0.01 -> -2.12 | B71: How many health facility staff meetings were held in the last 3 months?
A72: =A71-0.01 -> -2.13 | B72: Do all facility staff have written job descriptions? | C72: All have work descriptions | E72: 1
C73: Some have work descriptions | E73: 2
C74: None have work descriptions | E74: 3
A75: =A72-0.01 -> -2.14 | B75: In the last 3 months, how many visits were made to the health facility by the Hospital/Health Center Committee for supervision or technical support? IF ZERO, RECORD "0".
A76: =A75-0.01 -> -2.15 | B76: In the last 3 months, how many visits were made by a district hospital representative for supervision or technical assistance? IF ZERO, RECORD "0"
A77: =A76-0.01 -> -2.16 | B77: In the last 3 months, how many visits were made by the District Health Management Team for supervision or technical support? IF ZERO, RECORD "0".
A78: =A77-0.01 -> -2.17 | B78: In the last 3 months, how many visits were made by the local government for supervision or technical support? IF ZERO, RECORD "0".
A79: =A78-0.01 -> -2.18 | B79: In the last 3 months, how many visits were made by a donor for supervision or technical support? IF ZERO, RECORD "0".
A80: =A79-0.01 -> -2.19 | B80: In the last 3 months, how many visits were made by this health facility to Community Health Workers for supervision or technical support? IF ZERO, RECORD "0".
A81: NOTE, RECALL PERIOD IS NOW 12 MONTHS
A82: =A80-0.01 -> -2.2 | B82: In the last 12 months, how many times was the performance of staff assessed internally, that is, by persons within the facility? | C82: IF ZERO | F82: ► | G82: =A85 -> -2.22
A83: =A82-0.01 -> -2.21 | B83: Is the result of this internal staff performance assessment linked to staff salary or incentive payment? | C83: YES | E83: 1
C84: NO | E84: 2
A85: =A83-0.01 -> -2.22 | B85: In the last 12 months, how many times was the performance of staff assessed externally, that is, by persons from outside the facility, e.g. the District Health Management Team? | C85: IF ZERO | F85: ► | G85: =A88 -> -2.24
A86: =A85-0.01 -> -2.23 | B86: Is the result of the staff performance assessment linked to staff salary or incentive payment? | C86: YES | E86: 1
C87: NO | E87: 2
A88: =A86-0.01 -> -2.24 | B88: In the last 12 months, how many times was the performance of the facility as a whole assessed externally, that is, by persons from outside the facility? | C88: IF ZERO | F88: ► | G88: =A91 -> -2.26
A89: =A88-0.01 -> -2.25 | B89: Is the result of the external performance assessment of the facility linked to facility financing? | C89: YES | E89: 1
C90: NO | E90: 2
A91: =A89-0.01 -> -2.26 | B91: Does the facility obtain information on patient opinion through client surveys, complaint/suggestion box or other method? | C91: YES | E91: 1
C92: NO | E92: 2 | F92: ► | G92: =A97 -> -2.29
A93: =A91-0.01 -> -2.27 | B93: Is there a formal mechanism to inform the staff about patient opinion ? | C93: YES | E93: 1
C94: NO | E94: 2
A95: =A93-0.01 -> -2.28 | B95: In the last 12 months, have any changes occurred as a result of patient opinion? | C95: YES | E95: 1
C96: NO | E96: 2
A97: =A95-0.01 -> -2.29 | B97: Have you heard of the Zambia Results Based Financing Project? | C97: YES | E97: 1
C98: NO | E98: 2
A99: =A97-0.01 -> -2.3 | B99: Does your facility implement the Zambia Results Based Financing Project? | C99: YES | E99: 1
C100: NO | E100: 2 | F100: ► | G100: ='[1]3HRM'!$A$4 -> -3.01
A101: =A99-0.01 -> -2.31 | B101: Can you please tell me the RBF indicators, i.e. indicators those are paid by the RBF project? | C101: CURATIVE CONSULTATION | E101: 1
C102: INSTITUTIONAL DELIVERIES BY SKILLED BIRTH ATTENDANT | E102: 2
C103: ANTENATAL VISITS | E103: 3
...

Sheet 3HRM
A1: =-3 -> -3 | B1: Human Resources
A2: RESPONDENT: HEAD OF HUMAN RESOURCES, HEAD OF THE FACILITY OR BEST INFORMED STAFF MEMBER
A3: (A) | B3: Human Resources Management | H3: RECORD RESPONSE
A4: =A1-0.01 -> -3.01 | B4: Who has the authority to hire new staff? | C4: a. | D4: Health facility manager/in charge
C5: b. | D5: Health facility staff
C6: c. | D6: Ministry of Health / District Health Management Team
B7: READ ALL OPTIONS ALOUD. FOR EACH OPTION, RECORD "1" IF YES, "2" IF NO. | C7: d. | D7: Public Service Management division at cabinet office
C8: e. | D8: Local government
C9: f. | D9: Non Governmental Organization
C10: g. | D10: Community Health Workers
C11: h. | D11: Community members
C12: i. | D12: Health Committee
C13: j. | D13: Other, specify: _________________________
A14: =A4-0.01 -> -3.02 | B14: Who has the authority to dismiss staff? | C14: a. | D14: Health facility manager/in charge
C15: b. | D15: Health facility staff
C16: c. | D16: Ministry of Health / District Health Management Team
B17: READ ALL OPTIONS ALOUD. FOR EACH OPTION, RECORD "1" IF YES, "2" IF NO. | C17: d. | D17: Public Service Management division at cabinet office
C18: e. | D18: Local government
C19: f. | D19: Non Governmental Organization
C20: g. | D20: Community Health Workers
C21: h. | D21: Community members
C22: i. | D22: Health Committee
C23: j. | D23: Other, specify: _________________________
A24: =A14-0.01 -> -3.03 | B24: Who has the authority to determine staff compensation? | C24: a. | D24: Health facility manager/in charge
C25: b. | D25: Health facility staff
C26: c. | D26: Ministry of Health / District Health Management Team
C27: d. | D27: Public Service Management division at cabinet office
B28: READ ALL OPTIONS ALOUD. FOR EACH OPTION, RECORD "1" IF YES, "2" IF NO. | C28: e. | D28: Local government
C29: f. | D29: Non Governmental Organization
C30: g. | D30: Community Health Workers
C31: h. | D31: Community members
C32: i. | D32: Health Committee
C33: j. | D33: Other, specify: _________________________
A34: ="FOR EACH TYPE OF POSITION LISTED BELOW, ASK QUESTIONS "& TEXT(D35,"0.00_);(0.00)")&" TO "& TEXT(I35,"0.00_);(0.00)")&". IF ZERO, RECORD 0." -> FOR EACH TYPE OF POSITION LISTED BELOW, ASK QUESTIONS (3.04) TO (3.07). IF ZERO, RECORD 0.
B35: POSITION TYPE | D35: =A24-0.01 -> -3.04 | E35: =D35-0.01 -> -3.05 | G35: =E35-0.01 -> -3.06 | I35: =G35-0.01 -> -3.07
D36: How many authorized positions are there in the facility for [POSITION TYPE]s? | E36: How many authorized positions for [POSITION TYPE] are currently filled? | G36: In the last 12 months, how many [POSITION TYPE] have left the facility permanently? | I36: How many [POSITION TYPE] work regularly in this facility without being in authorized position?
B37: Doctor or medical officer | C37: a.
B38: Clinical officer | C38: b.
B39: Hospital administrator/ Executive director | C39: c.
B40: Nurse (RN/ZEN) | C40: d.
B41: Midwife (REM/ZEM) | C41: e.
B42: Pharmacist | C42: f.
B43: Environmental health technologist | C43: g.
B44: Pharmacy technician/Dispenser | C44: h.
B45: Lab technologist | C45: i.
B46: Lab technician | C46: j.
B47: Classified Daily Employee (CDE) | C47: k.
B48: Other, specify:_________________________ | C48: l.
A49: (B) | B49: Community Health Workers | H49: RECORD RESPONSE
A50: =I35-0.01 -> -3.08 | B50: How many villages are supported by this facility?
A51: =A50-0.01 -> -3.09 | B51: How many community health posts are supported by this facility?
A52: =A51-0.01 -> -3.1 | B52: Does the health facility catchment area have active Community Health Workers (CHWs)? | C52: YES | E52: 1
C53: NO | E53: 2 | F53: ► | G53: =A60 -> -3.14
A54: =A52-0.01 -> -3.11 | B54: How many Community Health Workers are currently active in this catchment area? | C54: a. | D54: FEMALE
C55: b. | D55: MALE
A56: =A54-0.01 -> -3.12 | B56: Is there any Community Health Worker who has stopped working in the last 12 months? | C56: YES | E56: 1
C57: NO | E57: 2 | F57: ► | G57: =A60 -> -3.14
A58: =A56-0.01 -> -3.13 | B58: How many Community Health Workers have stopped working in the last 12 months? | C58: a. | D58: FEMALE
C59: b. | D59: MALE
A60: =A58-0.01 -> -3.14 | B60: Does the health facility catchment area have active Traditional Birth Attendants (TBA)? | C60: YES | E60: 1
C61: NO | E61: 2 | F61: ► | G61: =A68 -> -3.18
A62: =A60-0.01 -> -3.15 | B62: How many Traditional Birth Attendants are currently active in this catchment area?
A64: =A62-0.01 -> -3.16 | B64: Is there any Traditional Birth Attendant who has stopped working in the last 12 months? | C64: YES | E64: 1
C65: NO | E65: 2 | F65: ► | G65: =A68 -> -3.18
A66: =A64-0.01 -> -3.17 | B66: How many Traditional Birth Attendants have stopped working in the last 12 months?
A68: =A66-0.01 -> -3.18 | B68: Does the health facility have a specially designated Environmental Health Technician (EHT)? | C68: YES | E68: 1
C69: NO | E69: 2 | F69: ► | G69: ='4Roster'!B6 -> -4.01
A70: =A68-0.01 -> -3.19 | B70: How many Environmental Health Technicians work from this facility?
A71: =A70-0.01 -> -3.2 | B71: In the last 3 months, did the Environmental Health Technician(s) do any of the following activities? | C71: a. | D71: Participate in Community Health Workers meetings
C72: b. | D72: Supervise Community Health Workers activities (observe consultations, activities)
B73: READ ALL OPTIONS ALOUD. | C73: c. | D73: Replace Community Health Workers kits
C74: d. | D74: Provide Community Health Workers training
B75: YES 1 | C75: e. | D75: Support Community Health Workers training
B76: NO 2 | C76: f. | D76: Collect and compile Monthly Activity Reports
C77: g. | D77: Meet with health posts
C78: h. | D78: Promote specific health programs
C79: i. | D79: Organize vaccination campaign(s)
C80: j. | D80: Other, specify: _________________________
A81: =A71-0.01 -> -3.21 | B81: In the last 3 months, did the Environmental Health Technician(s) do any of the following activities? | C81: a. | D81: Participate in Community Health Workers meetings
C82: b. | D82: Supervise Community Health Workers activities (observe consultations, activities)
B83: READ ALL OPTIONS ALOUD. | C83: c. | D83: Replace Community Health Workers kits
C84: d. | D84: Provide Community Health Workers training
B85: YES 1 | C85: e. | D85: Support Community Health Workers training
B86: NO 2 | C86: f. | D86: Collect and compile Monthly Activity Reports
C87: g. | D87: Meet with health posts
C88: h. | D88: Promote specific health programs
C89: i. | D89: Organize vaccination campaign(s)
C90: j. | D90: Other, specify: _________________________

Sheet 4Roster
A1: =-4 -> -4 | B1: Staff Roster | AC1: =-4 -> -4 | AD1: Staff Roster
B3: SUBJECT: ALL STAFF MEMBERS, WHETHER TEMPORARY OR PERMANENT, CLINICAL OR NON-CLINICAL, STARTING WITH THE HEAD OF THE FACILITY
B4: RESPONDENT: HEAD OF FACILITY OR BEST INFORMED STAFF MEMBER
B6: =A1-0.01 -> -4.01 | C6: =B6-0.01 -> -4.02 | E6: =C6-0.01 -> -4.03 | F6: =E6-0.01 -> -4.04 | G6: =F6-0.01 -> -4.05 | I6: (4.05PF) | P6: =G6-0.01 -> -4.06 | Q6: =P6-0.01 -> -4.07 | R6: =Q6-0.01 -> -4.08 | T6: =R6-0.01 -> -4.09 | U6: =T6-0.01 -> -4.1 | V6: =U6-0.01 -> -4.11 | W6: =V6-0.01 -> -4.12 | Y6: =W6-0.01 -> -4.13 | AC6: =Y6-0.01 -> -4.14 | AE6: =AC6-0.01 -> -4.15 | AJ6: =AE6-0.01 -> -4.16 | AK6: =AJ6-0.01 -> -4.17 | AL6: =AK6-0.01 -> -4.18 | AM6: =AL6-0.01 -> -4.19 | AN6: =AM6-0.01 -> -4.2 | AO6: =AN6-0.01 -> -4.21 | AP6: =AO6-0.01 -> -4.22 | AQ6: =AP6-0.01 -> -4.23 | AR6: =AQ6-0.01 -> -4.24 | ... AT6: =AS6-0.01 -> -4.26 | AW6: =AT6-0.01 -> -4.27 | AY6: =AW6-0.01 -> -4.28 | BA6: =AY6-0.01 -> -4.29
A7: ID CODE | B7: LIST FULL NAMES OF ALL STAFF WORKING IN THE FACILITY. FOR EACH STAFF, ASK ALL THE QUESTIONS OF THIS SECTION, THEN MOVE TO NEXT STAFF. IF THERE ARE MORE THAN 15 STAFF, USE A NEW QUESTIONNAIRE. | C7: IS [NAME] MALE OR FEMALE? | E7: ID CODE OF RESPONDENT | F7: How old is [NAME]? | G7: What is the highest academic qualification that [NAME] obtained? | I7: What is [NAME]'s position in this facility? | P7: What year did [NAME] receive his/her clinical qualification? | Q7: What is the year of appointment of [NAME] at this health facility? | R7: What is the salary scale of [NAME] according to the contract or agreement with the employer? | T7: How many days per week does [NAME] usually work at this health facility? | U7: How many hours per week does [NAME] usually work at this health facility? | V7: How many hours per week does [NAME] usually spend providing medical care directly to patients? | W7: Does [NAME] also work in a private health practice? | Y7: Is [NAME] here today? | AC7: Can you please tell me why [NAME] is not here today? | AE7: What services is [NAME] providing today? | AJ7: During the last four weeks, what percentage of [NAME]'s time is devoted to antenatal care? | AK7: During the last four weeks, what percentage of [NAME]'s time is devoted to vaccinations and other preventive care? | AL7: During the last four weeks, what percentage of [NAME]'s time is devoted to child curative care? | AM7: During the last four weeks, what percentage of [NAME]'s time is devoted to adult curative care? | AN7: During the last four weeks, what percentage of [NAME]'s time is devoted to voluntary counselling and testing (VCT)? | AO7: During the last four weeks, what percentage of [NAME]'s time is devoted to postnatal care? | AP7: During the last four weeks, what percentage of [NAME]'s time is devoted to delivery? | AQ7: During the last four weeks, what percentage of [NAME]'s time is devoted to family planning? | AR7: During the last four weeks, what percentage of [NAME]'s time is devoted to other clinical services? | AS7: During the last four weeks, what percentage of [NAME]'s time is devoted to non-clinical services? | AT7: During the last six months, did any worker in your facility engage in higher level tasks than their routinly designated tasks? | AW7: During the last six months, which higher level tasks did [NAME] engage in? | AY7: How long has this practice of staff engaging in higher level tasks been prevelant in your facility? | BA7: Were these workers paid additionallly for performing higher level acvities other than their routine activites?
I8: Clinical | L8: Non Clinical
I9: Doctor or medical officer | J9: 1 | L9: Auxilliary staff >1 year | M9: 14 | N9: ► | O9: =$Q$6 -> -4.07 | AC9: ►4.16 | AE9: INTERVIEWER: RECORD UP TO 5 SERVICES. IF CHILD POSTNATAL CARE COMBINED WITH PREVENTIVE CARE (E.G. VACCINATIONS), RECORD "03" FOR POSTNATAL CARE TO CHILD. | AW9: Doctor or medical officer | AX9: 1
G10: Primary education Certificate | H10: 1 | I10: Clinical officer | J10: 2 | L10: Auxilliary staff <1 year | M10: 15 | N10: ► | O10: =$Q$6 -> -4.07 | AW10: Clinical officer | AX10: 2
I11: Hospital administrator/ Executive director | J11: 3 | L11: Social support | M11: 16 | N11: ► | O11: =$Q$6 -> -4.07 | AW11: Hospital administrator/ Executive director | AX11: 3
G12: Secondary educ.certificate | H12: 2 | L12: Counselor | M12: 17 | N12: ► | O12: =$Q$6 -> -4.07 | AC12: OFFICIALLY OFF DUTY | AD12: 1
I13: Nurse (REN/ZEN) | J13: 4 | L13: Administrative staff | M13: 13 | N13: ► | O13: =$Q$6 -> -4.07 | Q13: INTERVIEWER: RECORD YEAR IN YYYY FORMAT, E.G. 1985 | AC13: ON SICK LEAVE | AD13: 2 | AW13: Nurse (REN/ZEN) | AX13: 4
G14: Colllege Degree | H14: 3 | I14: Midwife (REM/ZEM) | J14: 5 | L14: Other non-clinical | M14: 16 | N14: ► | O14: =$Q$6 -> -4.07 | AC14: ON TRAINING | AD14: 3 | AE14: PRENATAL CARE | AI14: 1 | AW14: Midwife (REM/ZEM) | AX14: 5
G15: Masters Degree | H15: 4 | I15: Pharmacist | J15: 6 | L15: Classified Daily Employee (CDE) | M15: 17 | N15: ► | O15: =$Q$6 -> -4.07 | AC15: ON MATERNITY LEAVE | AD15: 4 | AE15: CHILD PREVENTIVE CARE | AI15: 2 | AW15: Pharmacist | AX15: 6
G16: Doctoral degree | H16: 5 | I16: Environmental health technologist | J16: 7 | AC16: OTHER AUTHORIZED ABSENCE | AD16: 5 | AE16: CHILD CURATIVE CARE | AI16: 3 | AW16: Environmental health technologist | AX16: 7
AE17: ADULT CURATIVE CARE | AI17: 4 | AW17: Nursing assistant | AX17: 8
G18: Post Graduate | H18: 6 | I18: Nursing assistant | J18: 8 | V18: INTERVIEWER: IF NON-CLINICAL STAFF: RECORD 00 | AC18: LATE | AD18: 6 | AE18: VCT | AI18: 5 | AW18: Pharmacy technician/Dispenser | AX18: 9
G19: Post Doctoral | H19: 7 | I19: Pharmacy technician/Dispenser | J19: 9 | AC19: DON'T KNOW | AD19: 99 | AE19: POSTNATAL CARE | AI19: 6 | AW19: Lab technologist | AX19: 10
G20: No education | H20: 10 | AE20: NON-CLINICAL (ADMIN, RECEPTION, ETC) | AI20: 7 | AW20: Lab technician | AX20: 11
G21: Diploma | H21: 11 | I21: Lab technologist | J21: 10 | AJ21: IF ZERO, RECORD "0" | AK21: IF ZERO, RECORD "0" | AL21: IF ZERO, RECORD "0" | AM21: IF ZERO, RECORD "0" | AN21: IF ZERO, RECORD "0" | AO21: IF ZERO, RECORD "0" | AP21: IF ZERO, RECORD "0" | AQ21: IF ZERO, RECORD "0" | AR21: IF ZERO, RECORD "0" | AS21: IF ZERO, RECORD "0" | AW21: Classified Daily Employee (CDE) | AX21: 12
G22: Certificate | H22: 12 | I22: Lab technician | J22: 11 | AW22: Other, specify:___________________ | AX22: 13
G23: Other, specify: _____ | H23: 13
C24: MALE | D24: 1 | W24: YES | X24: 1 | Y24: YES | Z24: 1 | AA24: ► | AB24: =AE6 -> -4.15 | AT24: YES | AU24: 1 | BA24: YES | BB24: 1
B25: FULL NAME | C25: FEMALE | D25: 2 | F25: YEARS | I25: Other clinical | J25: 12 | Q25: YEAR | R25: SALARY SCALE | T25: MAX 7 | U25: MAX 168 | V25: MAX 168 | W25: NO | X25: 2 | Y25: NO | Z25: 2 | AE25: A. | AF25: B. | AG25: C. | AH25: D. | AI25: E. | AJ25: % | AK25: % | AL25: % | AM25: % | AN25: % | AO25: % | AP25: % | AQ25: % | AR25: % | AS25: % | AT25: NO | AU25: 2 | AV25: ► NEXT PROVIDER OR '(5.01) | AY25: YEARS | AZ25: MONTHS | BA25: NO | BB25: 2
A26: 1
A27: =A26+1 -> 2
A28: =A27+1 -> 3
A29: =A28+1 -> 4
A30: =A29+1 -> 5
A31: =A30+1 -> 6
A32: =A31+1 -> 7
A33: =A32+1 -> 8
A34: =A33+1 -> 9
A35: =A34+1 -> 10
A36: =A35+1 -> 11
A37: =A36+1 -> 12
A38: =A37+1 -> 13
... A46: =A45+1 -> 21

Sheet 5Lab
A1: =-5 -> -5 | B1: Laboratory
A2: RESPONDENT: LAB TECHNICIAN OR BEST INFORMED STAFF MEMBER
A3: ID CODE OF THE RESPONDENT FROM THE STAFF ROSTER
A4: =A1-0.01 -> -5.01 | B4: Does the facility provide laboratory services? | C4: YES | D4: 1
C5: NO | D5: 2
A6: (A) | B6: Lab Tests
C7: =A4-0.01 -> -5.02 | E7: =C7-0.01 -> -5.03 | G7: =E7-0.01 -> -5.04
C8: For the following tests, please tell me if you are able to perform them today, if you were able to perform them 3 months ago but not today, or if you simply cannot do this test (today or 3 months ago). | E8: How many of the [LAB TESTS] tests were conducted in the last 3 months? | G8: INTERVIEWER: RECORD SOURCE OF THE INFORMATION. RECORD ONE RESPONSE FOR EACH TEST.
C9: INTERVIEWER: RECORD ONE RESPONSE FOR EACH TEST. | E9: INTERVIEWER: IF NONE, RECORD "0". RECORD ONE RESPONSE FOR EACH TEST.
C10: Able to do this test today | D10: 1 | G10: RECORDS | H10: 1
C11: Able to do in past 3 months but not today | D11: 2 | G11: NO RECORDS AVAILABLE, ORAL REPORT | H11: 2
C12: Cannot do this test, today or in past 3 months | D12: 3
A13: a. | B13: White cell and red cell counts
A14: b. | B14: Hemoglobin estimation
A15: c. | B15: Blood type and cross match
A16: d. | B16: Malaria smears (thick and thin)/ Rapid diagnostic test
A17: e. | B17: Tuberculosis smears
A18: f. | B18: Gram stains
A19: g. | B19: HIV testing
A20: h. | B20: Hepatitis B testing
A21: i. | B21: Hepatitis C testing
A22: j. | B22: Syphilis testing (RPR Test)
A23: k. | B23: Urine dipstick tests
A24: l. | B24: Pregnancy testing
... A28: p . | B28: Liver function testing
A29: (B) | B29: Lab Equipment | G29: RECORD RESPONSE
A30: =G7-0.01 -> -5.05 | B30: Where is the lab equipment located? | C30: Separate laboratory | F30: 1
C31: Room that is also used for other activities | F31: 2
C33: Other, specify: _________________ | F33: 96
A34: =A30-0.01 -> -5.06 | B34: INTERVIEWER: RECORD QUANTITY OF EACH EQUIPMENT FUNCTIONING. RECORD ONE RESPONSE FOR EACH EQUIPMENT. RECORD 98 IF NOT FUNCTIONING OR NOT AVAILABLE. | C34: a. Microscope
C35: b. Centrifuge
C36: c. Hemoglobinometer
C37: d. Refrigerator for storing reagents
A38: =A34-0.01 -> -5.07 | B38: Is there a Tuberculosis Laboratory Register? INTERVIEWER: IF YES, ASK TO SEE IT. | C38: YES, SEEN | F38: 1
C39: YES, NOT SEEN | F39: 2
C40: NO | F40: 3
A41: =A38-0.01 -> -5.08 | B41: How many laboratory technicians are trained in Acid-Fast Bacilli (AFB) microscopy? INTERVIEWER: CHECK THE NUMBER DOES NOT EXCEED THE TOTAL NUMBER OF LABORATORY TECHNICIANS

Sheet 6Services
A1: =-6 -> -6 | B1: Services
A2: RESPONDENT: HEAD OF THE FACILITY OR BEST INFORMED STAFF MEMBER
A3: (A) | B3: Vaccination Services | G3: RECORD RESPONSE
A4: =A1-0.01 -> -6.01 | B4: Does this facility provide immunization services? | C4: YES | D4: 1
C5: NO | D5: 2 | E5: ► | F5: =A32 -> -6.14
A6: =A4-0.01 -> -6.02 | B6: Is there a separate room or area for immunizations? | C6: YES | D6: 1
C7: NO | D7: 2
A8: =A6-0.01 -> -6.03 | B8: Are immunizations regularly given to children at the facility or in outreach activities? | C8: Facility only | D8: 1
C9: Outreach only | D9: 2
C10: Facility and outreach | D10: 3
A11: =A8-0.01 -> -6.04 | B11: Is there a vaccination outreach work plan for the current year? | C11: YES | D11: 1
C12: NO | D12: 2
A13: =A11-0.01 -> -6.05 | B13: In the last 30 days, on how many days did the facility staff do vaccination outreach in the community?
A14: =A13-0.01 -> -6.06 | B14: How many of the following storage methods does this site have for storing vaccines? INTERVIEWER: IF ZERO, RECORD '0'. | C14: a. Ice Lined Refrigerator (ILR)
C15: b. Cold Box/vaccine carriers
C16: c. Refrigerator
A17: =A14-0.01 -> -6.07 | B17: Is a temperature monitoring chart kept? INTERVIEWER: IF YES, ASK TO SEE IT. | C17: YES, SEEN | D17: 1
C18: YES, NOT SEEN | D18: 2
C19: NO | D19: 3 | E19: ► | F19: =A23 -> -6.11
A20: =A17-0.01 -> -6.08 | B20: In the past 7 days, on how many days was the temperature logged?
A21: =A20-0.01 -> -6.09 | B21: In the past 7 days, how many times was the temperature logged in total?
A22: =A21-0.01 -> -6.1 | B22: In the past 7 days, how many days had a measurement of over 80C or under 20C?
A23: =A22-0.01 -> -6.11 | B23: Are immunization cards issued to every child starting his/her immunization schedule? | C23: YES | D23: 1
C24: NO | D24: 2 | E24: ► | F24: =A32 -> -6.14
A25: =A23-0.01 -> -6.12 | B25: After a child starts its immunization schedule, where are the immunization cards kept? | C25: Given to caregiver to bring for next visit | D25: 1 | E25: ► | F25: =A32 -> -6.14
C26: Kept at facility | D26: 2
C27: One copy given to caregiver and one kept at facility | D27: 3
C28: Other, specify: ___________ | D28: 96 | E28: ► | F28: =A32 -> -6.14
A29: =A25-0.01 -> -6.13 | B29: Could you show me some cards that belong to specific patients? | C29: SEEN | D29: 1
C30: NOT SEEN | D30: 2
A31: (B) | B31: Antenatal Care Services | G31: RECORD RESPONSE
A32: =A29-0.01 -> -6.14 | B32: Are antenatal services provided at this facility? | C32: YES | D32: 1
C33: NO | D33: 2 | E33: ► | F33: =A54 -> -6.23
A34: =A32-0.01 -> -6.15 | B34: Are pregnant women seen at specific times separate from times for other patients? | C34: YES | D34: 1
C35: NO | D35: 2
A36: =A34-0.01 -> -6.16 | B36: In the last 30 days, how many days has antenatal care been available to women? | C36: MAXIMUM 30 DAYS
A37: =A36-0.01 -> -6.17 | B37: In the last 6 months, how many times did the facility hold meetings with Traditional Birth Assistants?
A38: =A37-0.01 -> -6.18 | B38: In the last 6 months, on how many days did the facility staff do outreach in the community for antenatal care?
A39: =A38-0.01 -> -6.19 | B39: In the last 6 months, were iron and folate routinely prescribed? INTERVIEWER: CHECK RECORDS. IF NO RECORDS, ASK IN-CHARGE. RECORD ANSWER BASED ON WHETHER RECORDS WERE SEEN OR NOT. | C39: RECORDS SEEN: All the time | D39: 1
C40: RECORDS SEEN: Sometimes | D40: 2
C41: RECORDS SEEN: Seldom or never | D41: 3
C42: RECORDS NOT SEEN, ORAL REPORT: All the time | D42: 4
C43: RECORDS NOT SEEN, ORAL REPORT: Sometimes | D43: 5
C44: RECORDS NOT SEEN, ORAL REPORT: Seldom or never | D44: 6
A45: =A39-0.01 -> -6.2 | B45: Do women who come to the facility for antenatal care get an antenatal or maternal health card? | C45: YES | D45: 1
C46: NO | D46: 2 | E46: ► | F46: =A54 -> -6.23
A47: =A45-0.01 -> -6.21 | B47: Where are the maternal health cards kept once issued to a mother? | C47: Given to mother to bring for next visit | D47: 1 | E47: ► | F47: =A54 -> -6.23
C48: Kept at facility | D48: 2
C49: One copy given to mother and one kept at facility | D49: 3
C50: Other, specify: ___________ | D50: 96 | E50: ► | F50: =A54 -> -6.23
A51: =A47-0.01 -> -6.22 | B51: Could you show me some cards that belong to specific patients? | C51: SEEN | D51: 1
C52: NOT SEEN | D52: 2
A53: (C) | B53: Delivery and Postpartum Services | G53: RECORD RESPONSE
A54: =A51-0.01 -> -6.23 | B54: Are delivery services offered by the facility, either in the facility or in the community? | C54: YES | D54: 1
C55: NO | D55: 2 | E55: ► | F55: =A62 -> -6.26
A56: =A54-0.01 -> -6.24 | B56: Do facility staff assist with deliveries only in the facility, only in the community, or in both the facility and the community? | C56: Only in facility | D56: 1
C57: Only in community | D57: 2
C58: Both in facility and community | D58: 3
A59: =A56-0.01 -> -6.25 | B59: Does this health facility have the capacity to manage emergency caesarian sections? | C59: Can be managed now | D59: 1
C60: Usually, but not now | D60: 2
C61: Must be referred | D61: 3
A62: =A59-0.01 -> -6.26 | B62: Are postpartum care services offered at the facility? | C62: YES | D62: 1
C63: NO | D63: 2 | E63: ► | F63: =A72 -> -6.32
A64: =A62-0.01 -> -6.27 | B64: Are postpartum services offered at specific hours only, during general outpatient hours, or both at specific hours and during general outpatient hours? | C64: Specific hours only | D64: 1
C65: Outpatient hours only | D65: 2
C66: Both specific and outpatient hours | D66: 3
A67: =A64-0.01 -> -6.28 | B67: In the last 30 days, on how many days was postpartum care available to women? | C67: MAXIMUM 30 DAYS
A68: =A67-0.01 -> -6.29 | B68: In the last 6 months, how many postpartum outreach clinics were held by this facility?
A69: =A68-0.01 -> -6.3 | B69: In the last 12 months, how many maternal deaths were recorded at the facility? INTERVIEWER: CHECK RECORDS.
A70: =A69-0.01 -> -6.31 | B70: In the last 12 months, how many maternal deaths were recorded in the community (excluding those at the facility)? INTERVIEWER: CHECK RECORDS.
A71: (D) | B71: Tuberculosis Services | G71: RECORD RESPONSE
A72: =A70-0.01 -> -6.32 | B72: What tuberculosis services does this health facility provide? | C72: Diagnosis services only | D72: 1
C73: Treatment services only | D73: 2
C74: Both diagnosis and treatment services | D74: 3
C75: None | D75: 4 | E75: ► | F75: ='7GenHMIS'!A3 -> -7.01
A76: =A72-0.01 -> -6.33 | B76: Is there a Tuberculosis Corner in the health facility? INTERVIEWER: TUBERCULOSIS CORNER IS A PLACE IN THE FACILITY WHERE PATIENTS WITH TUBERCULOSIS ARE SEEN AND PROVIDED DRUGS. | C76: YES | D76: 1
C77: NO | D77: 2 | E77: ► | F77: =A82 -> -6.35
A78: =A76-0.01 -> -6.34 | B78: Who manages the Tuberculosis Corner in this health facility? | C78: Health Facility Staff | D78: 1
C79: Community health worker | D79: 2
C80: Classified daily employee | D80: 3
C81: Other, specify:_________ | D81: 96
A82: =A78-0.01 -> -6.35 | B82: Is there a Tuberculosis Register? IF YES, ASK TO SEE IT. | C82: YES, SEEN | D82: 1
C83: YES, NOT SEEN | D83: 2
C84: NO | D84: 3
A85: =A82-0.01 -> -6.36 | B85: Is there a Suspect Tuberculosis Cases Register? IF YES, ASK TO SEE IT. | C85: YES, SEEN | D85: 1
C86: YES, NOT SEEN | D86: 2
C87: NO | D87: 3
A88: =A85-0.01 -> -6.37 | B88: Do patients who come for tuberculosis treatment get a tuberculosis treatment card? | C88: YES | D88: 1
C89: NO | D89: 2 | E89: ► | F89: ='7GenHMIS'!A3 -> -7.01
A90: =A88-0.01 -> -6.38 | B90: Where are the tuberculosis treatment cards kept once issued to a patient? | C90: Given to patient to bring for next visit | D90: 1 | E90: ► | F90: ='7GenHMIS'!A3 -> -7.01
C91: Kept at facility | D91: 2
C92: One copy given to patient and one kept at facility | D92: 3
C93: Other, specify: ___________ | D93: 96 | E93: ► | F93: ='7GenHMIS'!A3 -> -7.01
A94: =A90-0.01 -> -6.39 | B94: Could you show me some cards that belong to specific patients? | C94: SEEN | D94: 1
C95: NOT SEEN | D95: 2

Sheet 7GenHMIS
A1: =-7 -> -7 | B1: General Health Management Information Systems (HMIS) | G1: RECORD RESPONSE
A2: RESPONDENT: HEAD OF THE FACILITY OR BEST INFORMED STAFF MEMBER
A3: =A1-0.01 -> -7.01 | B3: Do you have an estimate of the size of the catchment population that this facility serves, that is, the target, or total population living in the area served by this facility? | C3: YES | D3: 1
C4: NO | D4: 2 | E4: ► | F4: =A13 -> -7.03
A5: =A3-0.01 -> -7.02 | B5: How many people is the catchment [POPULATION CATEGORY]? | C5: a. Total population
C6: b. Total male population
C7: c. Total female population
B8: INTERVIEWER: IF SOME CATEGORIES UNKNOWN, RECORD -99 FOR THESE CATEGORIES. | C8: d. Total female 15-49 years population, i.e. women of childbearing age
C9: e. Total <5 years population
C10: f. Total <1 year population
A11: Now I would like to see the register that shows the total number of patients attended in this facility in the last completed calendar month.
A12: ="INTERVIEWER: FOR QUESTIONS (" & -A13 & ") TO (" & -A35 & "), RECORD FOR THE LAST COMPLETED CALENDAR MONTH. FOR QUESTIONS (" & -A14 & ") TO (" & -A22 & "), IF SOME CATEGORIES CAN'T BE IDENTIFIED FROM REGISTER, RECORD -99 FOR THESE CATEGORIES." -> INTERVIEWER: FOR QUESTIONS (7.03) TO (7.17), RECORD FOR THE LAST COMPLETED CALENDAR MONTH. FOR QUESTIONS (7.04) TO (7.12), IF SOME CATEGORIES CAN'T BE IDENTIFIED FROM REGISTER, RECORD -99 FOR THESE CATEGORIES. | G12: RECORD RESPONSE
A13: =A5-0.01 -> -7.03 | B13: Number of TOTAL patients
A14: =A13-0.01 -> -7.04 | B14: Number of TOTAL male patients
A15: =A14-0.01 -> -7.05 | B15: Number of TOTAL female patients
A16: =A15-0.01 -> -7.06 | B16: Number of TOTAL pregnant women
A17: =A16-0.01 -> -7.07 | B17: Number of TOTAL under 5 patients
A18: =A17-0.01 -> -7.08 | B18: Number of TOTAL male under 5 patients
A19: =A18-0.01 -> -7.09 | B19: Number of TOTAL female under 5 patients
A20: =A19-0.01 -> -7.1 | B20: Number of TOTAL under 1 patients
A21: =A20-0.01 -> -7.11 | B21: Number of TOTAL male under 1 patients
A22: =A21-0.01 -> -7.12 | B22: Number of TOTAL female under 1 patients
A23: =A22-0.01 -> -7.13 | B23: Monthly Integrated Activity Report | C23: SEEN, FULLY COMPLETED | F23: 1
C24: SEEN, NOT COMPLETE | F24: 2
C25: NOT SEEN | F25: 3
A26: =A23-0.01 -> -7.14 | B26: Monthly Aggregated Activity Report | C26: SEEN, FULLY COMPLETED | F26: 1
C27: SEEN, NOT COMPLETE | F27: 2
C28: NOT SEEN | F28: 3
A29: =A26-0.01 -> -7.15 | B29: Notifiable Disease Report | C29: SEEN, FULLY COMPLETED | F29: 1
C30: SEEN, NOT COMPLETE | F30: 2
C31: NOT SEEN | F31: 3
A32: =A29-0.01 -> -7.16 | B32: Vaccination/immunization Coverage Report | C32: SEEN, FULLY COMPLETED | F32: 1
C33: SEEN, NOT COMPLETE | F33: 2
C34: NOT SEEN | F34: 3
A35: =A32-0.01 -> -7.17 | B35: Family Planning Register | C35: SEEN, FULLY COMPLETED | F35: 1
C36: SEEN, NOT COMPLETE | F36: 2
C37: NOT SEEN | F37: 3

Sheet 8UtilHMIS
A1: =-8 -> -8 | B1: Health services utilization based on Health Management Information Systems (HMIS)
A2: RESPONDENT: HEAD OF THE FACILITY OR BEST INFORMED STAFF MEMBER.
A3: I would like to ask you some questions about the health services available.
A4: ="ASK QUESTIONS (" & -C4 & ") TO (" & -F4 & ") FOR EACH SERVICE BEFORE MOVING TO NEXT SERVICE." -> ASK QUESTIONS (8.01) TO (8.03) FOR EACH SERVICE BEFORE MOVING TO NEXT SERVICE. | C4: =A1-0.01 -> -8.01 | E4: =C4-0.01 -> -8.02 | F4: =E4-0.01 -> -8.03
C5: Does this facility provide [SERVICE] within the facility and/or as outreach? INTERVIEWER: RECORD FOR BOTH FACILITY AND OUTREACH. | E5: How many days per week is this service offered? | F5: INTERVIEWER: FOR EACH SERVICE, RECORD THE MONTHLY TOTAL NUMBER OF INPATIENTS (IN) AND OUTPATIENTS (OUT) LISTED IN THE REGISTER, REGARDING THE LAST 6 MONTHS PRIOR TO THE MONTH OF THE SURVEY (E.G. IF TODAY IS SEPTEMBER 13, RECORD PATIENTS FOR THE PERIOD OF MARCH, 1 TO AUGUST, 31 IN ORDER TO HAVE 6 FULL MONTHS) .
E10: INTERVIEWER: IF BY APPOINTMENT ONLY, RECORD 8; IF NOT APPLICABLE, RECORD 97
C17: YES | D17: 1
C18: NO | D18: 2
F19: MONTH 1 | H19: MONTH 2 | J19: MONTH 3 | L19: MONTH 4 | N19: MONTH 5 | P19: MONTH 6
A20: SERVICES | C20: In-facility | D20: Outreach | E20: DAYS/WEEK | F20: IN | G20: OUT | H20: IN | I20: OUT | J20: IN | K20: OUT | L20: IN | M20: OUT | N20: IN | O20: OUT | P20: IN | Q20: OUT
B21: Family planning/clinical
A22: a. | B22: Contraceptive pill
A23: b. | B23: Injection
A24: c. | B24: Implant insertion
A25: d. | B25: Male condoms
A26: e. | B26: Intrauterine Device (IUD) insertion
A27: f. | B27: Female sterilization
A28: g. | B28: Male sterilization
A29: h. | B29: Prenatal care
B30: Facility based delivery
A31: i. | B31: Spontaneous Vaginal Delivery
A32: j. | B32: Ceasarian section
A33: k. | B33: Assisted (forcepts, vaccuum)
A34: l. | B34: Home delivery with skilled staff
A35: m. | B35: Postnatal care
B36: Immunizations
A37: n. | B37: Bacille Calmette Guerin (BCG)
A38: o. | B38: Pentavalent Dose 1 (DPT, Hepatitis B, Hemophilus influenzae B)
A39: p. | B39: Pentavalent Dose 2 (DPT, Hepatitis B, Hemophilus influenzae B)
A40: q. | B40: Pentavalent Dose 3 (DPT, Hepatitis B, Hemophilus influenzae B)
A41: r. | B41: Polio Dose 1
A42: s. | B42: Polio Dose 2
A43: t. | B43: Polio Dose 3
A44: u. | B44: Measles Dose 1 (<1 year)
A45: v. | B45: Tetanus Toxoid to pregnant women
A46: ="ASK QUESTIONS (" & -C4 & ") TO (" & -F4 & ") FOR EACH SERVICE BEFORE MOVING TO NEXT SERVICE." -> ASK QUESTIONS (8.01) TO (8.03) FOR EACH SERVICE BEFORE MOVING TO NEXT SERVICE. | C46: =C4 -> -8.01 | E46: =C46-0.01 -> -8.02 | F46: =E46-0.01 -> -8.03
C47: Does this facility provide [SERVICE] within the facility and/or as outreach? INTERVIEWER: RECORD FOR BOTH FACILITY AND OUTREACH. | E47: How many days per week is this service offered? | F47: INTERVIEWER: FOR EACH SERVICE, RECORD THE MONTHLY TOTAL NUMBER OF INPATIENTS (IN) AND OUTPATIENTS (OUT) LISTED IN THE REGISTER, REGARDING THE LAST 6 MONTHS PRIOR TO THE MONTH OF THE SURVEY (E.G. IF TODAY IS SEPTEMBER 13, RECORD PATIENTS FOR THE PERIOD OF MARCH, 1 TO AUGUST, 31 IN ORDER TO HAVE 6 FULL MONTHS) .
E52: INTERVIEWER: IF BY APPOINTMENT ONLY, RECORD 8; IF NOT APPLICABLE, RECORD 97
C59: YES | D59: 1
C60: NO | D60: 2
F61: MONTH 1 | H61: MONTH 2 | J61: MONTH 3 | L61: MONTH 4 | N61: MONTH 5 | P61: MONTH 6
A62: \ | C62: In-facility | D62: Outreach | E62: DAYS/WEEK | F62: IN | G62: OUT | H62: IN | I62: OUT | J62: IN | K62: OUT | L62: IN | M62: OUT | N62: IN | O62: OUT | P62: IN | Q62: OUT
B63: Curative and preventive care
A64: w. | B64: Curative care for children <5 years
A65: x. | B65: Curative care for children >5 years and adults
A66: y. | B66: Child growth monitoring and nutritional advice
A67: z. | B67: Diagnosis for falciparum malaria
A68: aa. | B68: Diagnosis for non-falciparum malaria
A69: ab. | B69: Malaria treatment with Artemisinin-based Combination Therapy (ACT)
A70: ac. | B70: Tuberculosis diagnosis
A71: ad. | B71: Tuberculosis treatment
A72: ae. | B72: Sexually Transmitted Infections services
A73: af. | B73: Diagnosis, treatment, testing, and counseling
A74: ag. | B74: HIV/AIDS services
A75: ah. | B75: Voluntary Counseling and Testing (VCT)
... A80: am. | B80: Ambulance ride to another facility for referral

Sheet 10Leadership
A1: =-10 -> -10 | B1: Leadership
A2: RESPONDENT: HEALTH FACILITY MANAGER/LEADER ONLY
A4: ID CODE OF THE RESPONDENT FROM THE STAFF ROSTER
A6: In this part of the questionnaire, I would like to know what you would do in certain situations regarding the facility. I will read you a series of scenarios. For each scenario, I will read 4 possible responses that you might have. Please select the response that most closely matches what you would do in this specific situation. You can only select one response for each scenario. There are no correct or incorrect answers - we just want to know how you would approach each situation.
A7: INTERVIEWER: EACH RESPONSE IS CODED BETWEEN 1 AND 4. RECORD APPROPRIATE CODE ACCORDING TO RESPONDENT'S RESPONSE.
B8: SCENARIOS | C8: 1 | D8: 2 | E8: 3 | F8: 4 | G8: RECORD RESPONSE (RANGE 1-4)
A9: =A1-0.01 -> -10.01 | B9: Scenario 1: The performance of your staff is improving. | C9: You stress their responsibilities and standards. | D9: You take no particular additional action. | E9: You give positive feedback and make staff feel involved in the achievements. | F9: You emphasize the importance of deadlines and tasks.
A10: =A9-0.01 -> -10.02 | B10: Scenario 2: Members of your staff have been unable to solve a problem over the past month, though they have been trying to address it. | C10: You call a meeting and together try to solve the problem. | D10: You let your staff address this problem on their own. | E10: You give them direction and instructions on how to solve the problem. | F10: You encourage the group to solve the problem on their own, and you are available when needed to discuss.
A11: =A10-0.01 -> -10.03 | B11: Scenario 3: You are considering a major change in how things are done in the facility. | C11: You collaborate with your staff to develop the needed changes. | D11: You announce your vision for the changes and implement a clear plan. | E11: You ask your staff to develop and implement their own plan for change. | F11: You consult with your staff, but direct the changes yourself.
A12: =A11-0.01 -> -10.04 | B12: Scenario 4: The performance of your staff has been falling in recent months. | C12: You ask your staff to rethink their direction and goals and come up with a plan together. | D12: You ask for suggestions from your staff on what to do, and you formulate a specific plan to meet objectives. | E12: You redefine goals clearly and supervise whether these are being met closely. | F12: You allow your staff freedom to set their own goals and do not push them.
A13: =A12-0.01 -> -10.05 | B13: Scenario 5: Your staff are no longer working together as an effective team. | C13: You discuss ideas as a group and identify how to work better together. | D13: You let your staff work out their issues on their own. | E13: You act quickly and decisively to get the team back on track. | F13: You make yourself available to discuss any issues and support your team to work out their own problems.

Sheet 11Autonomy
A1: =-11 -> -11 | B1: Autonomy
A2: RESPONDENT: HEALTH FACILITY MANAGER/LEADER ONLY
A4: ID CODE OF THE RESPONDENT FROM THE STAFF ROSTER
A6: In this part of the questionnaire I would like to ask you some questions regarding how work is organized and decisions are made in this facility. All answers are confidential.
A7: I am now going to read you a series of statements about decision-making and authority in this facility. Please telll me whether you feel these are true most of the time, more than half of the time, less than half of the time, rarely or never. | J7: `
B8: PLEASE SHOW AND ASK TO PICK OUT THE COLORED AND NUMBERED CARDS
D9: RESPONSE CODE
D10: MOST OF THE TIME | G10: 1
D11: MORE THAN HALF OF THE TIME | G11: 2 | H11: RECORD RESPONSE CODE
D12: LESS THAN HALF OF THE TIME | G12: 3
D13: ONLY RARELY | G13: 4
D14: NEVER | G14: 5
A15: =A1-0.01 -> -11.01 | B15: I am able to allocate my facility budget according to how it is needed. There is enough flexibility in my budget.
A16: =A15-0.01 -> -11.02 | B16: I am able to assign tasks and activities to staff as needed to achieve the outcomes I want in the facility. There is enough flexibility to use staff to address needs. | C16: 1 | D16: 2 | E16: 3 | F16: 4 | G16: 5
A17: =A16-0.01 -> -11.03 | B17: The District Health Management Team supports my decisions and actions for doing a better job in my facility. | C17: 1 | D17: 2 | E17: 3 | F17: 4 | G17: 5
A18: =A17-0.01 -> -11.04 | B18: I have choice over who I allocate for what tasks. | C18: 1 | D18: 2 | E18: 3 | F18: 4 | G18: 5
A19: =A18-0.01 -> -11.05 | B19: I have choice over what services are provided in the facility. | C19: 1 | D19: 2 | E19: 3 | F19: 4 | G19: 5
A20: =A19-0.01 -> -11.06 | B20: I have enough authority to obtain the resources I need (drugs, supplies, funding) to meet the needs of my facility. | C20: 1 | D20: 2 | E20: 3 | F20: 4 | G20: 5
A21: =A20-0.01 -> -11.07 | B21: The policies and procedures for doing things are clear to me. | C21: 1 | D21: 2 | E21: 3 | F21: 4 | G21: 5
A22: =A21-0.01 -> -11.08 | B22: The policies and procedures for doing things are useful tools for the challenges I face in providing services and reporting on activities. | C22: 1 | D22: 2 | E22: 3 | F22: 4 | G22: 5
A23: =A22-0.01 -> -11.09 | B23: The District Health Management Team provides adequate feedback to me about my job and the performance of my facility. | C23: 1 | D23: 2 | E23: 3 | F23: 4 | G23: 5

Sheet 12DO
A1: =-12 -> -12 | B1: Direct Observation
A2: INTERVIEWER: THERE IS NO RESPONDENT FOR THIS SECTION OF THE QUESTIONNAIRE. AFTER SEEKING PERMISSION, YOU SHOULD WALK AROUND THE FACILITY AND OBSERVE THE ITEMS OUTLINED IN THIS SECTION.
A3: (A) | B3: General | H3: RECORD RESPONSE
A4: =A1-0.01 -> -12.01 | B4: Is there a reception/registration room in this facility? INTERVIEWER: CONFIRM WITH DIRECT OBSERVATION. | C4: YES | E4: 1
C5: NO | E5: 2
A6: =A4-0.01 -> -12.02 | B6: Is there a waiting room in this facility? INTERVIEWER: CONFIRM WITH DIRECT OBSERVATION. | C6: YES | E6: 1
C7: NO | E7: 2
A8: =A6-0.03 -> -12.05 | B8: Are there observation beds in this facility? INTERVIEWER: CONFIRM WITH DIRECT OBSERVATION. | C8: YES | E8: 1
C9: NO | E9: 2 | F9: ► | G9: =A16 -> -12.1
A10: =A8-0.01 -> -12.06 | B10: INTERVIEWER: RECORD HOW MANY OBSERVATION BEDS ARE PRESENT. IF ZERO, RECORD "0".
A12: =A10-0.01 -> -12.07 | B12: Are there separate wards for men and women in this facility? INTERVIEWER: CONFIRM WITH DIRECT OBSERVATION. | C12: YES | E12: 1
C13: NO | E13: 2 | F13: ► | G13: =A16 -> -12.1
A14: =A12-0.01 -> -12.08 | B14: Number of beds for Men. INTERVIEWER: CONFIRM WITH DIRECT OBSERVATION.
A15: =A14-0.01 -> -12.09 | B15: Number of beds for Women. INTERVIEWER: CONFIRM WITH DIRECT OBSERVATION.
A16: =A15-0.01 -> -12.1 | B16: Is a functional toilet facility available? INTERVIEWER: CONFIRM WITH DIRECT OBSERVATION. | C16: YES | E16: 1
C17: NO | E17: 2
A18: =A16-0.01 -> -12.11 | B18: Are there separate toilet facilities for men and women? INTERVIEWER: CONFIRM WITH DIRECT OBSERVATION. | C18: YES | E18: 1
C19: NO | E19: 2
A20: =A18-0.01 -> -12.12 | B20: Does the facility have accommodations for health workers who are on-call during non-routine hours, e.g. night shift? INTERVIEWER: CONFIRM WITH DIRECT OBSERVATION. | C20: YES | E20: 1
C21: NO | E21: 2
A22: (B) | B22: Posting of User Fees | H22: RECORD RESPONSE
A23: =A20-0.01 -> -12.13 | B23: Is there any posting in the facility that shows the user fees for outpatient visits? INTERVIEWER: IF YES, LOOK FOR POSTING IN FACILITY. | C23: YES, SEEN | E23: 1
C24: YES, NOT SEEN | E24: 2
C25: NO | E25: 3
A26: =A23-0.01 -> -12.14 | B26: Is there any posting in the facility that shows laboratory fees for outpatients? INTERVIEWER: IF YES, LOOK FOR POSTING IN FACILITY. | C26: YES, PUBLICLY POSTED | E26: 1
C27: YES, NOT POSTED | E27: 2
C28: NO, NOT POSTED | E28: 3
A29: =A26-0.01 -> -12.15 | B29: Is there any posting in the facility that shows X-ray fees for outpatients? INTERVIEWER: IF YES, LOOK FOR POSTING IN FACILITY. | C29: YES, PUBLICLY POSTED | E29: 1
C30: YES, NOT POSTED | E30: 2
C31: NO, NOT POSTED | E31: 3
A32: =A29-0.01 -> -12.16 | B32: Is there any posting in the facility that shows supplies fees for outpatients? INTERVIEWER: IF YES, LOOK FOR POSTING IN FACILITY. | C32: YES, PUBLICLY POSTED | E32: 1
C33: YES, NOT POSTED | E33: 2
C34: NO, NOT POSTED | E34: 3
A35: =A32-0.01 -> -12.17 | B35: Is any of the following posted publicly for patients to see? | C35: a. | D35: Inpatient capacity (Number of beds)
B36: INTERVIEWER: FOR EACH DOCUMENT, ASK TO SEE THE DOCUMENTS POSTED AND RECORD ACCORDING TO THE FOLLOWING CODES: | C36: b. | D36: Service days/hours
C37: c. | D37: Staff rotation
B38: YES AND SEEN………….1 | C38: d. | D38: Management contact
B39: YES, NOT SEEN……...…2 | C39: e. | D39: Complaints and suggestions handling policy
B40: NO…………………………..3 | C40: f. | D40: Other, specify: _________________________
A41: (C) | B41: National Protocols | H41: RECORD RESPONSE
A42: INTERVIEWER: ASK THE FACILITY HEAD OR BEST INFORMED STAFF MEMBER TO SEE THE CLINICAL CARE PROTOCOLS. FOR EACH OF THE FOLLOWING, RECORD IF YOU HAVE SEEN OR NOT SEEN THE PROTOCOL / GUIDELINES / MATERIALS.
A43: =A35-0.01 -> -12.18 | B43: Patient education materials (Information and Education Campaign materials) | C43: SEEN | E43: 1
C44: NOT SEEN | E44: 2
A45: =A43-0.01 -> -12.19 | B45: Integrated Management of Childhood Illness (IMCI) chart booklet or wall chart | C45: SEEN | E45: 1
C46: NOT SEEN | E46: 2
A47: =A45-0.01 -> -12.2 | B47: Graphs for growth monitoring | C47: SEEN | E47: 1
C48: NOT SEEN | E48: 2
A49: =A47-0.01 -> -12.21 | B49: National protocol for tuberculosis diagnosis and treatment | C49: SEEN | E49: 1
C50: NOT SEEN | E50: 2
A51: =A49-0.01 -> -12.22 | B51: Health Management Information System (HMIS) guidelines | C51: SEEN | E51: 1
C52: NOT SEEN | E52: 2
A53: =A51-0.01 -> -12.23 | B53: Health Management Information System (HMIS) Data | C53: SEEN | E53: 1
C54: NOT SEEN | E54: 2
A55: =A53-0.01 -> -12.24 | B55: National Protocol for malaria diagnosis and treatment | C55: SEEN | E55: 1
C56: NOT SEEN | E56: 2
A57: =A55-0.01 -> -12.25 | B57: National protocol for child vaccination | C57: SEEN | E57: 1
C58: NOT SEEN | E58: 2
A59: =A57-0.01 -> -12.26 | B59: National protocol for reproductive health/family planning | C59: SEEN | E59: 1
C60: NOT SEEN | E60: 2
A61: =A59-0.01 -> -12.27 | B61: National protocol for reducing unsafe abortion morbidity/mortality | C61: SEEN | E61: 1
C62: NOT SEEN | E62: 2
A63: =A61-0.01 -> -12.28 | B63: Antenatal Care National Standards | C63: SEEN | E63: 1
C64: NOT SEEN | E64: 2
A65: =A63-0.01 -> -12.29 | B65: Newborn Care National Standards | C65: SEEN | E65: 1
C66: NOT SEEN | E66: 2
A67: =A65-0.01 -> -12.3 | B67: Post-Partum Care National Standards | C67: SEEN | E67: 1
C68: NOT SEEN | E68: 2
A69: =A67-0.01 -> -12.31 | B69: Procedures Manual for Infection Prevention and Control | C69: SEEN | E69: 1
C70: NOT SEEN | E70: 2
A71: =A69-0.01 -> -12.32 | B71: Management of Sexually Transmitted Infections (STI) guidelines | C71: SEEN | E71: 1
C72: NOT SEEN | E72: 2
A73: =A71-0.01 -> -12.33 | B73: National HIV testing and counseling guidelines | C73: SEEN | E73: 1
C74: NOT SEEN | E74: 2
A75: =A73-0.01 -> -12.34 | B75: Prevention of mother to child transmission of HIV (PMTCT) guidelines | C75: SEEN | E75: 1
C76: NOT SEEN | E76: 2
A77: =A75-0.01 -> -12.35 | B77: HIV treatment (Antiretroviral therapy, ART) guidelines | C77: SEEN | E77: 1
C78: NOT SEEN | E78: 2
A79: =A77-0.01 -> -12.36 | B79: HIV treatment (Antiretroviral therapy, ART) for children/infants guidelines | C79: SEEN | E79: 1
C80: NOT SEEN | E80: 2
A81: =A79-0.01 -> -12.37 | B81: National list for essential drugs | C81: SEEN | E81: 1
C82: NOT SEEN | E82: 2
A83: =A81-0.01 -> -12.38 | B83: National protocol for drug procurement | C83: SEEN | E83: 1
C84: NOT SEEN | E84: 2
A85: =A83-0.01 -> -12.39 | B85: Detecting and reporting adverse drug or vaccine reaction | C85: SEEN | E85: 1
C86: NOT SEEN | E86: 2

Sheet 13DOEquipment
A1: =-13 -> -13 | B1: Equipment (Direct Observation)
A2: INTERVIEWER: THERE IS NO RESPONDENT FOR THIS SECTION OF THE QUESTIONNAIRE. AFTER SEEKING PERMISSION, YOU SHOULD WALK AROUND THE FACILITY AND OBSERVE THE ITEMS OUTLINED IN THIS SECTION.
B3: General equipment | G3: RECORD RESPONSE
A4: =A1-0.01 -> -13.01 | B4: Where is the outpatient equipment located? | C4: Separate outpatient room | F4: 1
C5: Room that is also used for other activities | F5: 2
C6: Other, specify: ___________________ | F6: 96
A7: =A4-0.01 -> -13.02 | B7: PLEASE RECORD THE QUANTITY FOR EACH TYPE OF EQUIPMENT. RECORD 98 IF NOT FUNCTIONING OR NOT AVAILABLE | G7: QUANTITY AVAILABLE AND FUNCTIONING
A8: a. | B8: Timer or clock with seconds hand
A9: b. | B9: Children’s weighing scale
A10: c. | B10: Height measure
A11: d. | B11: Tape measure
A12: e. | B12: Adult weighing scale
A13: f. | B13: Blood pressure instrument
A14: g. | B14: Thermometer
A15: h. | B15: Stethoscope
A16: i. | B16: Fetoscope
A17: j. | B17: Otoscope
A18: k. | B18: Suction/aspirating device
A19: l. | B19: Vision chart
... A28: u. | B28: Oral Rehydration Therapy (ORT) corner with equipment (I liter container, cups and spoons and rehydration guidelines)
A29: Sterilizing Equipment | G29: RECORD RESPONSE
A30: =A7-0.01 -> -13.03 | B30: Where is the sterilization equipment located? | C30: Separate sterilization room | F30: 1
C31: Room that is also used for other activities | F31: 2
C32: Other, specify: ___________________ | F32: 96
A33: =A30-0.01 -> -13.04 | B33: PLEASE RECORD THE QUANTITY FOR EACH TYPE OF EQUIPMENT. RECORD 98 IF NOT FUNCTIONING OR NOT AVAILABLE | G33: QUANTITY AVAILABLE AND FUNCTIONING
A34: a. | B34: Electric autoclave (pressure and wet heat)
A35: b. | B35: Non-electric autoclave (pressure and wet heat)
A36: c. | B36: Electric dry heat sterilizer
A37: d. | B37: Electric boiler or steamer (no pressure)
A38: e. | B38: Non-electric pot with cover (steam boil)
A39: f. | B39: Heat source for non-electric equipment
A40: g. | B40: Automatic timer (MAY BE ON EQUIPMENT)
A41: h. | B41: Time, Steam and Temperature (TST) Indicator strips or other sterilization indicators
A42: Vaccination Equipment | G42: RECORD RESPONSE
A43: =A33-0.01 -> -13.05 | B43: Where is the vaccination equipment located? (VACCINATION EQUIPMENT: VACCINE FRIDGE PARRAFIN OR ELECTRIC, COLD BOX, VACCINE CARRIERS) | C43: Separate vaccination room | F43: 1
C44: Room that is also used for other activities | F44: 2
C45: Other, specify: ___________________ | F45: 96
A46: =A43-0.01 -> -13.06 | B46: PLEASE RECORD THE QUANTITY FOR EACH TYPE OF EQUIPMENT. RECORD 98 IF NOT FUNCTIONING OR NOT AVAILABLE | G46: QUANTITY AVAILABLE AND FUNCTIONING
A47: a. | B47: Main vaccine thermometer
A48: b. | B48: Cold box / Vaccine carrier
A49: c. | B49: Ice packs
A50: d. | B50: Refrigerator
A51: Antenatal Care Equipment | G51: RECORD RESPONSE
A52: =A46-0.01 -> -13.07 | B52: Where is the antenatal care equipment located? (ANTENATAL CARE EQUIPMENT: FETOSCOPE, BLOOD PRESSURE INSTRUMENT, TAPE MEASURE, ADULT WEIGHING SCALE) | C52: Separate antenatal care room | F52: 1
C53: Room that is also used for other activities | F53: 2
C54: Other, specify: ___________________ | F54: 96
A55: Delivery and Neonatal Equipment | G55: RECORD RESPONSE
A56: =A52-0.01 -> -13.08 | B56: Where is the delivery and neonatal equipment located? | C56: Separate delivery/neonatal care room | F56: 1
C57: Room that is also used for other activities | F57: 2
C58: Other, specify: ___________________ | F58: 96
A59: =A56-0.01 -> -13.09 | B59: PLEASE RECORD THE QUANTITY FOR EACH TYPE OF EQUIPMENT. RECORD 98 IF NOT FUNCTIONING OR NOT AVAILABLE | G59: QUANTITY AVAILABLE AND FUNCTIONING
A60: a. | B60: Delivery table/bed
A61: b. | B61: Partograph
A62: c. | B62: Delivery light
A63: d. | B63: Aspirator/suction bulb
A64: e. | B64: Resuscitation bag, newborn
A65: f. | B65: Eye drops or ointment for newborn
A66: g. | B66: Needles
A67: h. | B67: Intravenous tube
A68: i. | B68: Intravenous fluids, including normal saline and ringer lactate
A69: j. | B69: Scissors
A70: k. | B70: Umbilical cord clamp or sterile tape or sterile tie
A71: l. | B71: Suturing material
... A104: as. | B104: Guedel airways-neonatal, child, and adult

Sheet 14DODrugs
A1: =-14 -> -14 | B1: Drug and Vaccine Storage and Availability
A2: RESPONDENT: PHARMACIST, HEAD OF THE FACILITY OR BEST INFORMED STAFF MEMBER.
A3: Now I would like to ask you some questions about drug storage and availability in this facility.
A4: =A1-0.01 -> -14.01 | B4: Do the following entities have the authority to procure drugs and equipment for this facility, ….? | C4: a. | D4: Health facility manager/ in charge
C5: b. | D5: Health facility staff
B6: INTERVIEWER: READ ALL OPTIONS ALOUD. FOR EACH OPTION, RECORD "1" IF YES, "2" IF NO. | C6: c. | D6: Non Governmental Organization staff
C7: d. | D7: Local government
C8: e. | D8: National government
C9: f. | D9: Community Health Worker Cooperative president / leader
C10: g. | D10: Community Health Workers
C11: h. | D11: Community members
C12: i. | D12: Health Committee
C13: j. | D13: Other, specify: ______________________
A14: =A4-0.01 -> -14.02 | B14: Could you bring me to the place in this facility that is used to store drugs? | C14: YES, SEEN | D14: 1
C15: YES, NOT SEEN | D15: 2
C16: NO, THERE IS NO SUCH PLACE | D16: 3
A17: =A14-0.01 -> -14.03 | B17: INTERVIEWER: IS THIS A SEPARATE ROOM FROM THE REST OF THE FACILITY? | C17: YES | F17: 1
C18: NO | F18: 2
A19: =A17-0.01 -> -14.04 | B19: Does this pharmacy serve only to store and dispense drugs, or does it also serve for other purposes? | C19: Only to store and dispense drugs | F19: 1
C20: Also serves for other purposes | F20: 2
A21: =A19-0.01 -> -14.05 | B21: Can the doors and windows be locked to keep the pharmacy secured? | C21: YES | F21: 1
C22: NO | F22: 2
A23: =A21-0.01 -> -14.06 | B23: INTERVIEWER: DOES THE DRUG AREA LOOK CLEAN, PARTIALLY DIRTY, OR DIRTY? | C23: CLEAN | F23: 1
C24: PARTIALLY DIRTY | F24: 2
C25: DIRTY | F25: 3
A26: =A23-0.01 -> -14.07 | B26: INTERVIEWER: DO THE CEILING, WALLS, FLOORS AND WINDOWS LOOK DRY AND FREE FROM TRACES OF WATER INFILTRATION? | C26: DRY, NO TRACES OF WATER INFILTRATION | F26: 1
C27: DRY BUT THERE ARE TRACES OF WATER INFILTRATION | F27: 2
C28: THERE IS WETNESS / WATER | F28: 3
A29: =A26-0.01 -> -14.08 | B29: INTERVIEWER: ARE THE WINDOWS COVERED TO KEEP THE SUNLIGHT OUT? | C29: WINDOWS COVERED | F29: 1
C30: WINDOWS NOT COVERED | F30: 2
C31: NO WINDOWS | F31: 3
A32: =A29-0.01 -> -14.09 | B32: INTERVIEWER: ARE THE DRUGS KEPT ON AN ELEVATED PLATFORM? | C32: YES | F32: 1
C33: NO | F33: 2
A34: =A32-0.01 -> -14.1 | B34: Does the pharmacy maintain stock cards or stock register? INTERVIEWER: IF YES, ASK TO SEE CARDS/REGISTER. | C34: YES, SEEN | F34: 1
C35: YES, NOT SEEN | F35: 2
C36: NO | F36: 3
A37: ="FOR EACH DRUGS, ASK QUESTIONS "& TEXT(-C38,"(0.00)") & " THROUGH " & TEXT(-G38,"(0.00)") -> FOR EACH DRUGS, ASK QUESTIONS (14.11) THROUGH (14.14)
C38: =A34-0.01 -> -14.11 | D38: =C38-0.01 -> -14.12 | E38: =D38-0.01 -> -14.13 | G38: =E38-0.01 -> -14.14
C39: What is the strength of [DRUGS] that is stocked? | D39: What quantity of [DRUGS] are available at this time? | E39: In the past 30 days, has the item been out of stock at any time? | G39: In the past 30 days, how many days has the item been out of stock?
D40: ="IF NONE, RECORD 00 and ► "&TEXT(-G38,"(0.00)") -> IF NONE, RECORD 00 and ► (14.14) | E40: YES | F40: 1
E41: NO | F41: 2
E42: ►NEXT DRUG
A43: General Drugs
A44: a. | B44: Tetracycline ophthalmic ointment
A45: b. | B45: Paracetamol (Panadol) tabs | C45: _____ mg
A46: c. | B46: Amoxicillin (tabs or capsule) | C46: _____ mg
A47: d. | B47: Amoxicillin (syrup)
A48: e. | B48: Oral Rehydration Solution (ORS) packets | C48: 1 packet
A49: f. | B49: Iron tabs (with or without folic acid) | C49: 1 tab
A50: g. | B50: Folic acid tabs | C50: 1 tab
A51: h. | B51: Cotrimoxazole | C51: _____ mg
A52: i. | B52: Vitamin A | C52: 1 capsule
A53: Family Planning
A54: j. | B54: Condoms (male or female) | C54: 1 unit
A55: k. | B55: Oral contraceptive tablets | C55: 28 day supply
A56: l. | B56: Depot Medroxyprogesterone Acetate (DMPA) | C56: 1 unit
A57: m. | B57: Implant jadelle | C57: 1 unit
A58: n. | B58: Intrauterine Device (IUD) | C58: 1 unit
A59: Malaria
A60: o. | B60: Chloroquine | C60: 1 tab
A61: p. | B61: Quinine | C61: 1 tab
A62: q. | B62: Fansidar / Sulphadoxine-Pyrimethamine (SP) | C62: 1 tab
A63: r. | B63: Artemisinin-Based Combination Therapy ACT (fansidar + artesunate) / Coartem | C63: 1 tab
A64: Tuberculosis
A65: s. | B65: Rifampin | C65: _____ mg
A66: t. | B66: Streptomycin | C66: _____ mg
A67: u. | B67: Isoniazid (INH) | C67: _____ mg
A68: v. | B68: Pyrazinamide | C68: _____ mg
A69: w. | B69: Ethambutal | C69: _____ mg
A70: x. | B70: Combitabs (Multidrug tabs) | C70: 1 tab
A71: y. | B71: Diagnostic kits | C71: 1 kit
A72: Emergency Obstetric Care
A73: z. | B73: Magnesium Sulfate | C73: 1 dose
A74: aa. | B74: Diazepam Injection | C74: 1 dose
A75: ab. | B75: Misoprostol | C75: 1 dose
A76: ac. | B76: Oxytocin | C76: 1 dose
A77: Vaccines
A78: ad. | B78: Bacille Calmette-Guérin (BCG) | C78: 1 dose
A79: ae. | B79: Oral Polio Vaccine (OPV) | C79: 1 dose
A80: af. | B80: Tetanus Toxoid (TT) | C80: 1 dose
A81: ag. | B81: Dyphteria Tetanus Pertussis (DTP) | C81: 1 dose
A82: ah. | B82: Hepatitis B Vaccine (HBV) Tetravalent | C82: 1 dose
A83: ai. | B83: Measles vaccine | C83: 1 dose
A84: aj. | B84: HiB vaccine | C84: 1 dose
A85: ak. | B85: Pentavalent (DPT, Hepatitis B, Hemophilus influenzae B) | C85: 1 dose
A86: Diagnostic kits
A87: al. | B87: Malaria rapid diagnostic kits | C87: 1 unit
A88: am. | B88: HIV test kit | C88: 1 unit
A89: an. | B89: Pregnancy testing kit | C89: 1 unit
A90: ao. | B90: Rapid plasma reagin (RPR) test for syphilis | C90: 1 unit
A91: ap. | B91: Urine testing kit | C91: 1 unit
A92: =G38-0.01 -> -14.15 | B92: What do you do when this facility runs out of key drugs like Coartem, Amoxycillin etc.? | C92: a. | D92: INFORM FACILITY INCHARGE
C93: b. | D93: CALL THE DISTRICT DRUG STORE/PHARMACY
C94: c. | D94: CALL DHMT
C95: d. | D95: BUY MEDICINES LOCALLY IN THE PRIVATE MARKET
B96: INTERVIEWER: DO NOT READ OPTIONS ALOUD. FOR EACH OPTION, RECORD "1" IF YES, "2" IF NO. | C96: e. | D96: SEND PATIENTS TO BUY THE MEDICINE IN THE PRIVATE MARKET
C97: f. | D97: GO TO THE CAPITAL TO BUY MEDICINES
C98: g. | D98: OTHER, SPECIFY: __________________________

Sheet 15CatchmentA
A1: =-15 -> -15 | B1: Catchment area | H1: RECORD RESPONSE
A2: =A1-0.01 -> -15.01 | B2: What is the catchment population of this facility? | C2: Central Statistical Office (CSO)
C3: Facility headcount

Sheet 16Finances
A1: 16 | B1: General Financial Information For Facility
A2: QUESTIONS 16.1.0-16.1.11 BELOW ASK ABOUT FUNDING AND EXPENDITURE IN THE FACILITIES. PLEASE DO NOT INCLUDE VERTICAL HEALTH PROGRAMS IN YOUR ANSWERS
D6: Yes | F6: No
A7: 16.1.0 | C7: Does this facility have a bank account? | D7: 1 | F7: 2
A8: 16.1.1 | C8: How far is the bank from the facility (RECORD DISTANCE) | D8: KM
H9: Yes | I9: No
A10: 16.1.2 | D10: a. User fees | H10: 1 | I10: 2
C11: List ALL sources of funding or income for this facility? | D11: b. Drug sales | H11: 1 | I11: 2
C12: RECORD YES OR NO FOR EACH. | D12: c. Religious organization | H12: 1 | I12: 2
C13: Yes 1 | D13: d. External (foreign) donors and NGOs | H13: 1 | I13: 2
C14: No 2 | D14: e. Private company | H14: 1 | I14: 2
D15: f. Central Government | H15: 1 | I15: 2
D16: g. Local Government | H16: 1 | I16: 2
D17: Community-based health insurance | H17: 1 | I17: 2
D18: Private health insurance | H18: 1 | I18: 2
D19: Social health insurance | H19: 1 | I19: 2
D20: Other health Insurance schemes (specify:______) | H20: 1 | I20: 2
D21: i. Community donations or contributions | H21: 1 | I21: 2
D23: j. Domestic NGOs | H23: 1 | I23: 2
D24: k. In-kind payments | H24: 1 | I24: 2
D25: l. Other (Specify) | H25: 1 | I25: 2
A26: 16.1.3 | C26: Can you please indicate the amount received from each of the following income sources in 2013? | D26: a. User fees
D27: b. Drug sales
D28: c. Religious organization
D29: d. External (foreign) donors and NGOs
D30: e. Private company
D31: f. Central Government
D32: g. Local Government
D33: h. Community donations/contributions
D34: Community-based health insurance
D35: Private health insurance
D36: Social health insurance
D37: Other health Insurance schemes (specify:______)
D38: j. Domestic NGOs
D39: l. Other (Specify)
A40: 16.1.4 | C40: What was the total budget for 2013?
C41: CHECK AND VERIFY THAT THIS AMOUNT EQUALS TO SUM OF ALL SOURCES
A43: 16.1.5 | C43: (If facility reports having in-kind payment) Please describe what the in-kind contribution for and an estimated equivalent amount from each of the following source for 2013 | F43: Description of in-kind payment | K43: Equivalent amount (KWACHA)
D44: a. Religious organization
D45: b. External (foreign) donors and NGOs
D46: c. Private company
D47: d. Central Government
D48: e. Local Government
D49: f. Community donations/contributions
D50: g. Community-based health insurance
D51: h. Private health insurance
D52: i. Other health Insurance schemes (specify:______)
D53: j. Domestic NGOs
D54: k. In-kind payments (list top three in-kind payments)
D55: l. Other (Specify)
A56: 16.1.6 | C56: Regardless of the actual amount received, how much was allocated to your facility at the beginning of 2013 from the following sources (in KWACHA)? RECORD ZERO IF ZERO | D56: a. Central Government
D57: b. Local Government
D58: c. External (foreign) donors and NGOs
D59: d. Community donations/contributions
D60: e. Domestic NGOs
A61: 16.1.7 | C61: Can you please indicate the total expenses incurred for each of the following categories in 2013 (in KWACHA)? RECORD ZERO IF ZERO | D61: a. Drugs and consumables
D62: b. Salary
D63: c. Salary bonuses
D64: d. Per diems
D65: e. Water, electricity, gas
D66: f. Electricity
D67: g. Gas
D68: h. Firewood for cooking
D69: i. Communications
D70: j. Petrol
D71: k. Other transport costs
D72: l. Outreach activities
D73: m. Building maintenance
... D77: q. Other (Specify)
A78: 16.1.8 | B78: Does this facility have outstanding debts to suppliers, etc? If possible list total amount by type of debt. | E78: Yes | J78: No
E79: 1 | J79: 2
E80: If yes; Total debt:
G81: Yes | J81: No
A82: 16.1.9 | B82: Which of the following financial monitoring systems are in use. | E82: a. Financial records | G82: 1 | J82: 2
B83: RECORD YES OR NO FOR EACH OPTION | E83: b. Accounting procedures
B84: YES 1 | G84: 1 | J84: 2
B85: NO 2 | E85: c. Financial reports | G85: 1 | J85: 2
E86: d. Periodic auditing visits | G86: 1 | J86: 2
E87: e. Other (Specify)
A89: 16.1.10 | B89: Are all payments officially receipted? | G89: 1 | J89: 2
A90: 16.1.11 | B90: Are receipt books available? | G90: 1 | J90: 2
A92: QUESTIONs 16.1.12 – 16.1.14 below apply to RBF facilities only
A93: 16.1.12 | B93: How much did your facility receive from RBF program in 2013? (KWACHA)
A96: 16.1.13 | B96: Can you please indicate the total expenses incurred (in KWACHA) for each of the following categories in 2013 that were funded by RBF payment? RECORD ZERO IF ZERO | C96: a. Drugs and consumables
C97: b. Salary of additional, temporary staff
C98: c. Salary bonuses
C99: d. Per diems
C100: e. Water
C101: f. Electricity
C102: g. Gas
C103: h. Firewood for cooking
C104: i. Communications
C105: j. Petrol
C106: k. Other transport costs
C107: l. Outreach activities
C108: m. Building maintenance
... C112: q. Other (Specify)
A113: 16.1.14 | B113: What percentage of total payment to staff from all sources (salary, bonus, allowances, revenue from user fee, etc.) comes from RBF? (report in %)
A116: THE FOLLOWING QUESTIONS ASK ABOUT FUNDING AND EXPENDITURE ON VERTICAL HEALTH PROGRAMS
A117: In the calendar year 2013, how much did the facility receive from the following sources in cash for vertical health programs in KWACHA? Write zero if none
...

Sheet 17RBFeffects
A1: =-17 -> -17 | B1: RBF EFFECTS
B2: ENUMERATOR: THIS SECTION APPLIES TO ONLY FACILITIES IMPLEMENTING RBF PROJECT.
B3: SUBJECT: ALL STAFF MEMBERS, WHETHER TEMPORARY OR PERMANENT, CLINICAL OR NON-CLINICAL, STARTING WITH THE HEAD OF THE FACILITY
B4: RESPONDENT: HEAD OF FACILITY OR BEST INFORMED STAFF MEMBER
B5: =A1-0.01 -> -17.01 | C5: =B5-0.01 -> -17.02 | D5: =C5-0.01 -> -17.03 | E5: =D5-0.01 -> -17.04 | F5: =E5-0.01 -> -17.05 | G5: =F5-0.01 -> -17.06 | H5: =G5-0.01 -> -17.07 | I5: =H5-0.01 -> -17.08 | J5: =I5-0.01 -> -17.09
A6: ID CODE | B6: Please list position of staff that is involved in providing RBF services | C6: Number of staff in this position | D6: Was anyone in this position hired specifically to help with increased workload generated by RBF? (Yes=1 No=0) | E6: over the last quarter, what percentage of work time did staff in this position devote to RBF services? | F6: over the last quarter, how much did staff in this position receive as RBF bonus in KWACHA? | G6: over the last quarter, what percentage of earning from all sources for this staff (not including RBF sources) is that RBF bonus amount? E.G. IF EARNING FROM OTHER SOURCES INCLUDING SALARY BUT NOT FROM RBF BONUSES IS K3000 FOR THE LAST QUARTER AND RBF BONUS FOR THE SAME QUARTER IS K300; THEN IT WILL BE 10% (RBF BONUS/OTHER SOURCES OF INCOME) ENUMERATOR: BOTH AMOUNTS (RBF BONUS AND OTHER INCOME) SHOULD BE CALCULATED AS QUARTERLY AMOUNTS | H6: over the same quarter last year, what percentage of work time did staff in this position devote to RBF services? | I6: over the same quarter last year, how much did staff in this position receive as RBF bonus in KWACHA? | J6: Over the same quarter last year, what percentage of earning from all sources in this facility (not including RBF sources) is that RBF bonus amount? E.G. IF EARNING FROM OTHER SOURCES INCLUDING SALARY BUT NOT FROM RBF BONUSES IS K3000 FOR THE LAST QUARTER AND RBF BONUS FOR THE SAME QUARTER IS K300; THEN IT WILL BE 10% (RBF BONUS/OTHER SOURCES OF INCOME) ENUMERATOR: BOTH AMOUNTS (RBF BONUS AND OTHER INCOME) SHOULD BE CALCULATED AS QUARTERLY AMOUNTS
C7: (average if more than one staff in this category)
A8: 1 | B8: Doctor or medical officer
A9: =A8+1 -> 2 | B9: Clinical officer
A10: =A9+1 -> 3 | B10: Hospital administrator/ Executive director
A11: =A10+1 -> 4 | B11: Nurse (REN/ZEN)
A12: =A11+1 -> 5 | B12: Midwife (REM/ZEM)
A13: =A12+1 -> 6 | B13: Pharmacist
A14: =A13+1 -> 7 | B14: Environmental health technologist
A15: =A14+1 -> 8 | B15: Nursing assistant
A16: =A15+1 -> 9 | B16: Pharmacy technician/Dispenser
A17: =A16+1 -> 10 | B17: Lab technologist
A18: =A17+1 -> 11 | B18: Lab technician
A19: =A18+1 -> 12 | B19: Classified Daily Employee (CDE)
A20: =A19+1 -> 13 | B20: Other 1 (specify)
... A22: =A21+1 -> 15 | B22: Other 3 (specify)
